Map: Dusk Towers

Players

Miszu

  • Race: Terran Terran
  • League: Master

A.I. 1 (Very Easy) - Winner!

  • Race: Terran Terran

VOD

Have the link to the VOD?

Description

Time

  • Played on: Feb. 4, 2016, 7:07 p.m.
  • Length: 2:49
Show
View Real Time Build Order
Export as new Build Order

Miszu Terran 

Build Orders:  

Get SALT Encoding   

  12  0:39  SCV  
  13  0:43  Supply Depot  
  13  0:47  Supply Depot  
Show
View Real Time Build Order
Export as new Build Order

A.I. 1 (Very Easy) Terran - Winner!

Build Orders:  

Get SALT Encoding   

  12  0:00  SCV  
  13  0:13  SCV  
  14  0:19  Supply Depot  
  14  0:37  Refinery  
  14  0:44  Barracks  
  14  1:03  Supply Depot  
  14  1:11  Refinery  
  14  1:28  SCV  
  14  1:31  Marine  
  16  1:40  SCV  
  17  1:52  SCV  
  18  2:04  SCV  
  18  2:07  Marine  
  20  2:16  SCV  
  21  2:29  SCV  
Tags
 
League
Master
Matchup
TvT
Race
Terran
Add a new tag
Caveats
  • Supply blocks, unpowered buildings, or Contaminate may cause inaccurate times.
  • Supply counts are checked every 10 seconds.